 Dungeon Crawl Stone Soup version 0.22.1-1-ga44c0e5 (webtiles) character file.

21 Harpaggios the Insei (level 2, -1/23 HPs)
             Began as a Gnoll Transmuter on Oct 17, 2018.
             Slain by a sky beast (6 damage)
             ... on level 2 of the Dungeon.
             The game lasted 00:02:00 (731 turns).

Harpaggios the Insei (Gnoll Transmuter)              Turns: 731, Time: 00:02:00

Health: -1/23      AC:  2    Str: 12    XL:     2   Next: 87%
Magic:  6/7        EV: 14    Int: 15    God:
Gold:   37         SH:  0    Dex: 15    Spells: 7/10 levels left

rFire    . . .     SeeInvis .     - Unarmed
rCold    . . .     Gourm    .   (no shield)
rNeg     . . .     Faith    .   b - +0 robe
rPois    .         Spirit   .   (no helmet)
rElec    .         Reflect  .   (no cloak)
rCorr    .         Harm     .   (no gloves)
MR       .....                  (no boots)
Stlth    ++........             (no amulet)
HPRegen  0.07/turn              (no ring)
MPRegen  0.10/turn              (no ring)

@: appendage
A: distributed training, fangs 1, horns 2, strong nose
a: End Transformation


You were on level 2 of the Dungeon.
You were not hungry.
You had grown temporary horns.
You visited 1 branch of the dungeon, and saw 2 of its levels.

You collected 37 gold pieces.

Inventory:

Missiles
 a - 18 arrows
Armour
 b - a +0 robe (worn)
Scrolls
 f - a scroll of blinking {unknown}
 h - a scroll of identify {unknown}
Potions
 e - a potion of ambrosia {unknown}
 g - a potion of brilliance {unknown}
 i - a potion of curing {unknown}
Comestibles
 c - 2 chunks of flesh
 d - 4 rations


   Skills:
 + Level 2.5 Fighting
 + Level 0.5 Short Blades
 + Level 0.5 Long Blades
 + Level 0.5 Axes
 + Level 0.5 Maces & Flails
 + Level 0.5 Polearms
 + Level 0.5 Staves
 + Level 0.5 Slings
 + Level 0.5 Bows
 + Level 0.5 Crossbows
 + Level 0.5 Throwing
 + Level 0.5 Armour
 + Level 4.5 Dodging
 + Level 0.5 Stealth
 + Level 0.5 Shields
 + Level 6.5 Unarmed Combat
 + Level 4.9 Spellcasting
 + Level 0.3 Conjurations
 + Level 0.3 Hexes
 + Level 0.3 Charms
 + Level 0.3 Summonings
 + Level 0.3 Necromancy
 + Level 0.3 Translocations
 + Level 3.7 Transmutations
 + Level 0.3 Fire Magic
 + Level 0.3 Ice Magic
 + Level 0.3 Air Magic
 + Level 0.3 Earth Magic
 + Level 0.3 Poison Magic
 + Level 0.6 Invocations
 + Level 0.5 Evocations


You had 7 spell levels left.
You knew the following spells:

 Your Spells              Type           Power        Failure   Level  Hunger
a - Beastly Appendage     Tmut           ##....       3%          1    None
b - Sticks to Snakes      Tmut           ##......     5%          2    ##.....

Your spell library contained the following spells:

 Spells                   Type           Power        Failure   Level  Hunger
 Spider Form              Tmut/Pois      #.........   22%         3    ###....
 Ice Form                 Ice/Tmut       #.......     56%         4    ####...
 Blade Hands              Tmut           ##........   69%         5    ######.


Dungeon Overview and Level Annotations

Branches:
Dungeon (2/15)

Altars:


Innate Abilities, Weirdness & Mutations

Your experience applies equally to all skills.
You have very sharp teeth.
Your uncanny sense of smell can sniff out nearby items.
You have a pair of horns on your head.


Message History

The sky beast is lightly wounded.
The sky beast barely misses you.
You hit the sky beast. Your headbutt misses the sky beast.
Your bite misses the sky beast.
The sky beast is lightly wounded.
You hit the sky beast.
The sky beast is lightly wounded.
The sky beast hits you. The sky beast shocks you.
You hit the sky beast.
The sky beast is moderately wounded.
The sky beast barely misses you.
You hit the sky beast.
You bite the sky beast, but do no damage.
The sky beast is moderately wounded.
The sky beast flickers out of sight!
Deactivating autopickup; reactivate with Ctrl-A.
Something hits you.
* * * LOW HITPOINT WARNING * * *
Something shocks you.
You die...

#### .....#
......# ........##
....)....# ##
.......... .#
...<.....##.######
#........@{K......
#...>....##.######
.#......# .#
###.#.## .# .. #.#
.# ... #.# .# .#
##># .# #..# .#
######.####.#


You could see a kobold.

Vanquished Creatures
  A dart slug (D:1)
  A bat (D:2)
  6 hobgoblins
  3 jackals (D:1)
  2 kobolds (D:1)
  2 frilled lizards (D:1)
  2 rats (D:1)
17 creatures vanquished.

Notes
Turn   | Place    | Note
-------+----------+-------------------------------------------
     0 | D:1      | Harpaggios the Gnoll Transmuter began the quest for the
                  | Orb.
     0 | D:1      | Reached XP level 1. HP: 17/17 MP: 6/6
    89 | D:1      | Reached XP level 2. HP: 20/23 MP: 7/7
   323 | D:1      | Learned a level 2 spell: Sticks to Snakes
   723 | D:2      | Noticed a sky beast
   731 | D:2      | Slain by a sky beast

Action                   || total
-------------------------++-------
Melee: Unarmed           ||    49
       Kick              ||     5
       Bite              ||     4
 Cast: Beastly Appendage ||     5
 Stab: Sleeping          ||     1
Armor: Robe              ||     6
Dodge: Dodged            ||    35
